 Dungeon Crawl Stone Soup version 0.30-a0-618-gd6c86c23d0 (webtiles) character file.

Game seed: 14101818362738098514

42261 wormed the Severer (level 14, -8/121 HPs)
             Began as a Hill Orc Fighter on Jan 9, 2023.
             Was a High Priest of Lugonu.
             Mangled by a hog (10 damage)
             ... led by Kirke
             ... on level 4 of the Lair of Beasts.
             The game lasted 00:24:54 (17436 turns).

wormed the Severer (Hill Orc Fighter)              Turns: 17436, Time: 00:24:55

Health: -8/121     AC:  0    Str: 22    XL:     14   Next: 19%
Magic:  21/21      EV: 17    Int:  8    God:    Lugonu [*****.]
Gold:   1476       SH:  0    Dex: 10    Spells: 13/13 levels left

rFire   . . .      SeeInvis .    (weapon currently unavailable)
rCold   . . .      Faith    .    (shield currently unavailable)
rNeg    . . .      Spirit   .    (body armour currently unavailable)
rPois   .          Reflect  .    (helmet currently unavailable)
rElec   .          Harm     .    (cloak currently unavailable)
rCorr   .          Rampage  .    (gloves currently unavailable)
Will    +....                    (boots currently unavailable)
Stlth   +                        (no amulet)
HPRegen 0.40/turn                (ring currently unavailable)
MPRegen 0.17/turn                (ring currently unavailable)

@: mighty, pig-form, very quick
A: fast, no casting, small, weak 1
a: Renounce Religion, Depart the Abyss, Banish, Corrupt, Enter the Abyss


You were on level 4 of the Lair of Beasts.
You worshipped Lugonu.
Lugonu was extremely pleased with you.
You were a filthy swine.
You visited 2 branches of the dungeon, and saw 18 of its levels.
You visited the Abyss 1 time.
You visited 1 bazaar.

You collected 1663 gold pieces.
You spent 187 gold pieces at shops.

Inventory:

Hand Weapons
 a - a +1 war axe of venom
 h - the +9 mace "Aduraix" (melded) {flame, +Blink Dex+4}
   (You found it on level 11 of the Dungeon)

   Dex:       It affects your dexterity (+4).
   +Blink:    It lets you blink.
Missiles
 I - 5 atropa-tipped darts (quivered)
 J - 38 poisoned darts
 K - 11 javelins
 S - a curare-tipped dart
 T - 2 silver javelins
Armour
 c - a +0 buckler (melded)
 f - the +1 helmet of the Hot Ocelot (melded) {rC+++ Regen+ Str+2 Int-2}
   (You found it on level 3 of the Dungeon)

   Str:       It affects your strength (+2).
   Int:       It affects your intelligence (-2).
   rC:        It renders you almost immune to cold.
   Regen:     It increases your rate of health regeneration.
 i - a +1 pair of gloves (melded)
 p - a +0 cloak (melded)
 G - a +0 troll leather armour (melded)
 P - a +2 tower shield
Jewellery
 d - a +4 ring of protection (melded)
 s - a ring of flight
 u - a +4 ring of protection (melded)
 w - a +6 ring of strength
 y - a +6 ring of intelligence
 D - a ring of protection from fire
 O - an amulet of the acrobat
 U - a +5 ring of evasion
Wands
 e - a wand of flame (21)
 x - a wand of paralysis (20)
 E - a wand of light (24)
 H - a wand of roots (13)
 L - a wand of polymorph (4)
 W - a wand of digging (6)
 X - a wand of mindburst (22)
Scrolls
 b - 6 scrolls of amnesia
 k - 4 scrolls of fear
 m - 2 scrolls of silence
 n - 4 scrolls of identify
 q - 4 scrolls of enchant armour
 t - 3 scrolls of fog
 A - 2 scrolls of enchant weapon
 B - 5 scrolls of vulnerability
 M - 2 scrolls of teleportation
 N - 2 scrolls of blinking
Potions
 g - 5 potions of flight
 j - 3 potions of ambrosia
 l - 2 potions of brilliance
 o - 2 potions of cancellation
 r - 5 potions of lignification
 v - 2 potions of resistance
 C - 2 potions of magic
 F - 2 potions of mutation
 Q - a potion of invisibility
 V - 3 potions of curing


   Skills:
 - Level 10.0 Fighting
 - Level 18.0 Axes
 - Level 10.0 Armour
 - Level 10.0 Dodging
 + Level 10.3 Shields
 - Level 10.0 Invocations


You had 13 spell levels left.
You didn't know any spells.
Your spell library contained the following spells:

 Spells                   Type           Power      Damage    Failure   Level
 Beastly Appendage        Tmut           0%         N/A       41%         1
 Magic Dart               Conj           0%         1d3       41%         1
 Call Imp                 Summ           0%         N/A       54%         2
 Ensorcelled Hibernation  Hex/Ice        0%         N/A       54%         2
 Searing Ray              Conj           0%         2d4       54%         2
 Wereblood                Tmut           0%         N/A       54%         2
 Call Canine Familiar     Summ           0%         N/A       78%         3
 Ignite Poison            Fire/Tmut/Pois 0%         N/A       78%         3
 Inner Flame              Hex/Fire       0%         N/A       78%         3
 Mephitic Cloud           Conj/Pois/Air  0%         N/A       78%         3
 Portal Projectile        Hex/Tloc       0%         N/A       78%         3
 Spider Form              Tmut/Pois      0%         N/A       78%         3
 Tukima's Dance           Hex            0%         N/A       78%         3
 Anguish                  Hex/Necr       0%         N/A       99%         4
 Animate Dead             Necr           0%         N/A       99%         4
 Flame Wave               Conj/Fire      0%         2d4       99%         4
 Fulminant Prism          Conj/Hex       0%         3d5       99%         4
 Leda's Liquefaction      Hex/Erth       0%         N/A       99%         4
 Passage of Golubria      Tloc           0%         N/A       99%         4
 Sticky Flame             Conj/Fire      0%         2d3       99%         4
 Borgnjor's Vile Clutch   Necr/Erth      0%         N/A       100%        5
 Yara's Violent Unravell  Hex/Tmut       0%         3d3       100%        5
 Death Channel            Necr           0%         N/A       100%        6
 Enfeeble                 Hex            0%         N/A       100%        7
 Ignition                 Fire           0%         3d3       100%        8
 Chain Lightning          Conj/Air       0%         N/A       100%        9
 Fire Storm               Conj/Fire      0%         5d1       100%        9
 Shatter                  Erth           0%         3d5*      100%        9


Dungeon Overview and Level Annotations

Branches:
Dungeon (13/15)            Temple (0/1) D:7            Lair (5/5) D:8
 Shoals (0/4) Lair:3       Spider (0/4) Lair:3          Orc (0/2) D:11
 Vaults (0/5) D:13
  Slime: Lair:4-5

Altars:
Ashenzari
Cheibriados
Dithmenos
Fedhas
Kikubaaqudgha
Makhleb
Okawaru
Ru
Trog
Uskayaw
Vehumet
Wu Jian
Xom
Beogh

Shops:
D:1 =   D:8 *   D:11 [   D:12 (

Annotations:
D:4 3 runed translucent doors, OTABOTABOTAB's ghost, amateur DrTm
D:10 4 runed translucent doors
Lair:5 Kirke


Innate Abilities, Weirdness & Mutations

You are a filthy swine.
You move quickly.
Your equipment is almost entirely melded.
You are incapable of wielding weapons or throwing items.
You cannot cast spells.
You are weak. (Str -2)


Message History

* * * LOW HITPOINT WARNING * * *
The cane toad stings you!
* * * LOW HITPOINT WARNING * * *
The hog bites you.
* * * LOW HITPOINT WARNING * * *
A cane toad comes into view.
The hog misses you.
Blink to where?
Press: ? - help, Dir - move target
As you read the scroll of blinking, it crumbles to dust.
You climb upwards.
There is a stone staircase leading down here.
A hog is nearby!
You bite the hog!
The hog is heavily wounded.
The hog closely misses you.
You bite the hog!
The hog is almost dead.
The hog bites you!
* * * LOW HITPOINT WARNING * * *
The yak bellows!
The yak bellows!
The yak closely misses you. The yak misses you.
You bite the yak!
The yak is moderately wounded.
You completely miss the yak.
The yak is moderately wounded.
The yak completely misses you. The yak misses you. The hog bites you.
* * * LOW HITPOINT WARNING * * *
You bite the yak!
The yak is moderately wounded.
The yak barely misses you. The yak gores you.
* * * LOW HITPOINT WARNING * * *
The hog bites you.
* * * LOW HITPOINT WARNING * * *
You barely miss the yak.
The yak is moderately wounded.
The hog bites you!
You die...

...........###............#...# #
......###.P###....###...###.[.###
.....########.....##...###.....##
.....P..#.#..P................P##
..............................##.
.................................
.................................
...........................†.....
#......[.......Yhh..........>....
#......###.#.....Y.........†....P
......####.##........##..#.....##
......##P#..#P.>.#########.....#.
#.....'..........#########.....##
......###..#.......#...#.#.....P#
#.....# ######...................
......### ##....P..P...........
......#.#####.....##.P###........


You could see 2 yaks and a hog.

Vanquished Creatures
  Jorgrun (D:12)
  3 hydras
  Erolcha (D:10)
  A centaur warrior (D:10)
  6 two-headed ogres
  2 tengu warriors (D:13)
  3 shadow demons
  Pikel (D:4)
  5 cyclopes
  An ugly thing (D:12)
  2 manticores
  2 black mambas
  8 cane toads
  An unseen horror (D:12)
  6 komodo dragons
  A yaktaur (shapeshifter) (D:13)
  5 kobold demonologists
  2 rime drakes
  3 meliai (D:13)
  A polar bear (shapeshifter) (D:13)
  A hornet (D:10)
  A polar bear (Lair:3)
  6 trolls
  10 blink frogs (Lair:4)
  3 jumping spiders (Lair:3)
  2 culicivoras (Lair:3)
  2 shadows
  3 wyverns
  A vampire (D:10)
  3 wraiths
  An unseen horror simulacrum (D:10)
  57 yaks
  Eustachio (D:4)
  3 basilisks
  3 redbacks (Lair:3)
  8 vampire mosquitoes
  Menkaure (D:4)
  3 steam dragons
  A water moccasin (shapeshifter) (D:13)
  7 water moccasins
  2 acid dragons
  4 orc warriors
  A sky beast (D:7)
  4 black bears
  An ogre (D:6)
  3 centaurs
  8 wolves
  A lemure (D:4)
  4 phantoms
  2 kobold brigands
  9 bullfrogs
  2 gnoll sergeants
  3 scorpions
  4 wights (D:10)
  2 small abominations (Abyss:1)
  6 killer bees (D:9)
  4 howler monkeys
  4 electric eels (D:13)
  2 hounds
  A jelly (D:6)
  A gnoll bouda (D:8)
  7 orc priests
  Ijyb (D:4)
  2 iguanas
  14 orc wizards
  6 ogre zombies (D:11)
  9 gnolls
  11 adders
  A white imp (D:5)
  An ufetubus (D:4)
  A worm (D:2)
  A dart slug (D:4)
  41 orcs
  4 ball pythons
  5 endoplasms
  5 giant cockroaches
  8 goblins
  6 hobgoblins
  4 jackals (D:2)
  2 quokkas (D:1)
  5 bats
  A frilled lizard (D:1)
  A goblin skeleton (D:11)
  2 goblin zombies (D:11)
  A hobgoblin zombie (D:11)
  27 kobolds
  4 orc skeletons (D:11)
  11 orc zombies (D:11)
  A rat (D:2)
  A butterfly (D:10)
423 creatures vanquished.

Vanquished Creatures (others)
  A kobold demonologist (D:12)
  A kobold (D:12)
  A bush (Lair:2)
  28 fungi
  22 plants
  2 starspawn tentacles (Abyss:1)
  4 toadstools (D:8)
59 creatures vanquished.

Grand Total: 482 creatures vanquished

Notes
Turn   | Place    | Note
-------+----------+-------------------------------------------
     0 | D:1      | wormed the Hill Orc Fighter began the quest for the Orb.
     0 | D:1      | Reached XP level 1. HP: 19/19 MP: 1/1
    30 | D:1      | Reached skill level 3 in Axes
   413 | D:1      | Reached XP level 2. HP: 27/27 MP: 2/2
  1105 | D:1      | Found Risoaj's Jewellery Emporium.
  1117 | D:1      | Reached XP level 3. HP: 33/33 MP: 3/3
  1402 | D:2      | Reached skill level 4 in Axes
  1473 | D:2      | Reached XP level 4. HP: 40/40 MP: 4/4
  2039 | D:3      | Identified the +1 helmet of the Hot Ocelot {rC+++ Regen+
                  | Str+2 Int-2}
  2168 | D:3      | Found a sacrificial altar of Ru.
  2550 | D:4      | Found a shadowy altar of Dithmenos.
  2565 | D:4      | Became a worshipper of Dithmenos the Shadowed
  2582 | D:4      | Reached XP level 5. HP: 45/47 MP: 5/5
  2589 | D:4      | Reached skill level 5 in Axes
  2589 | D:4      | Reached skill level 1 in Invocations
  2614 | D:4      | Found an ancient bone altar of Kikubaaqudgha.
  2659 | D:4      | Found a runed translucent gate.
  2660 | D:4      | Found a runed translucent gate.
  2660 | D:4      | Noticed OTABOTABOTAB's ghost (amateur DrTm)
  2660 | D:4      | Identified the +1 ring mail "Cenidepp" {rN+ MP+9 Str-3}
  2661 | D:4      | Found a runed translucent gate.
  2662 | D:4      | Noticed an orc warrior
  2725 | D:4      | Noticed Menkaure
  2736 | D:4      | Killed Menkaure
  2737 | D:4      | Reached XP level 6. HP: 36/55 MP: 5/7
  2843 | D:4      | Noticed Eustachio
  2878 | D:4      | Killed Eustachio
  2879 | D:4      | Reached skill level 5 in Fighting
  2879 | D:4      | Reached skill level 6 in Axes
  2879 | D:4      | Reached XP level 7. HP: 61/61 MP: 8/8
  2924 | D:4      | Found a snail-covered altar of Cheibriados.
  2952 | D:4      | Noticed Ijyb
  2967 | D:4      | Killed Ijyb
  3206 | D:4      | Noticed Pikel
  3233 | D:4      | Killed Pikel
  3234 | D:4      | Reached skill level 7 in Axes
  3234 | D:4      | Reached skill level 5 in Armour
  3234 | D:4      | Reached skill level 5 in Shields
  3234 | D:4      | Reached XP level 8. HP: 42/70 MP: 10/10
  3325 | D:4      | Found a roughly hewn altar of Beogh.
  3365 | D:5      | Entered Level 5 of the Dungeon
  3444 | D:5      | Found a broken altar of Ashenzari.
  3466 | D:5      | HP: 3/70 [gnoll sergeant/+4 spear of flaming (1)]
  3467 | D:5      | Reached skill level 8 in Axes
  3679 | D:5      | Found a burning altar of Makhleb.
  3805 | D:5      | Reached * piety under Dithmenos
  3936 | D:5      | Identified the +1 robe of Eco Baoh {rCorr Str+5 Int+4}
  3938 | D:5      | Found a radiant altar of Vehumet.
  4235 | D:6      | Reached skill level 9 in Axes
  4235 | D:6      | Reached skill level 5 in Invocations
  4235 | D:6      | Reached XP level 9. HP: 78/78 MP: 12/12
  4528 | D:6      | Found a blossoming altar of Fedhas.
  5043 | D:7      | Reached skill level 10 in Axes
  5116 | D:7      | Found an iron altar of Okawaru.
  5287 | D:7      | Found a hide-covered altar of Uskayaw.
  5591 | D:7      | Reached ** piety under Dithmenos
  5593 | D:7      | Found a staircase to the Ecumenical Temple.
  6235 | D:8      | Found a staircase to the Lair.
  6365 | D:8      | Reached XP level 10. HP: 61/88 MP: 14/14
  6370 | D:8      | Reached skill level 11 in Axes
  6463 | D:8      | Found Ubry's Overcharged Wands.
  7365 | D:9      | Noticed a two-headed ogre
  7519 | D:9      | Killed a two-headed ogre
  7577 | D:9      | Reached *** piety under Dithmenos
  7583 | D:9      | Reached skill level 12 in Axes
  8193 | D:10     | Entered Level 10 of the Dungeon
  8214 | D:10     | Reached XP level 11. HP: 90/95 MP: 17/17
  8227 | D:10     | Noticed Erolcha
  8227 | Abyss:1  | Cast into level 1 of the Abyss (Erolcha)
  8331 | Abyss:1  | Noticed a tentacled starspawn
  8344 | Abyss:1  | Found a corrupted altar of Lugonu.
  8363 | Abyss:1  | Gained mutation: You are weak. (Str -2) [a neqoxec]
  8436 | Abyss:2  | Found a corrupted altar of Lugonu.
  8450 | Abyss:2  | Noticed a skeletal warrior
  8539 | Abyss:2  | Noticed a wretched star
  8639 | Abyss:3  | Found a corrupted altar of Lugonu.
  8647 | Abyss:3  | Fell from the grace of Dithmenos
  8647 | Abyss:3  | Became a worshipper of Lugonu the Unformed
  8647 | Abyss:3  | Reached * piety under Lugonu
  8647 | Abyss:3  | Reached ** piety under Lugonu
  8648 | D:10     | Escaped the Abyss
  8665 | D:10     | Killed Erolcha
  8666 | D:10     | Reached skill level 13 in Axes
  8759 | D:10     | Found an ornate altar of the Wu Jian Council.
  8841 | D:10     | Paralysed by a hornet for 1 turns
  8914 | D:10     | Found a large runed translucent door.
  8914 | D:10     | Found a large runed translucent door.
  8999 | D:10     | Noticed a cyan ugly thing
  9000 | D:10     | Noticed an orc knight
  9006 | D:10     | Found a large runed translucent door.
  9006 | D:10     | Found a large runed translucent door.
  9035 | D:10     | Identified the +1 robe "Ocupper" {Harm Rampage rF- Int-3}
  9131 | D:10     | Found a bloodstained altar of Trog.
  9155 | D:10     | Found a shimmering altar of Xom.
  9303 | D:10     | Noticed a centaur warrior
  9319 | D:10     | Killed a centaur warrior
  9845 | D:11     | Identified the +9 mace "Aduraix" {flame, +Blink Dex+4}
  9880 | D:11     | Reached skill level 14 in Axes
  9933 | D:11     | Noticed a two-headed ogre
  9941 | D:11     | Killed a two-headed ogre
  9942 | D:11     | Reached skill level 1 in Dodging
 10102 | D:11     | Found a staircase to the Orcish Mines.
 10188 | D:11     | Noticed a manticore
 10193 | D:11     | Killed a manticore
 10257 | D:11     | Noticed a shadow demon
 10273 | D:11     | Noticed a two-headed ogre
 10276 | D:11     | Killed a shadow demon
 10386 | D:11     | Reached *** piety under Lugonu
 10387 | D:11     | Reached skill level 10 in Fighting
 10394 | D:11     | Reached XP level 12. HP: 106/106 MP: 19/19
 10437 | D:11     | Noticed a two-headed ogre
 10444 | D:11     | Killed a two-headed ogre
 10513 | D:11     | Found Tyczeh Fourph's Antique Armour Boutique.
 10556 | D:11     | Bought a shiny tower shield for 187 gold pieces
 11025 | D:12     | Noticed Jorgrun
 11076 | D:12     | Killed Jorgrun
 11077 | D:12     | Found Poggegh's Weapon Boutique.
 11200 | D:12     | Reached skill level 10 in Invocations
 11207 | D:12     | Reached skill level 15 in Axes
 11279 | D:12     | Noticed a two-headed ogre
 11317 | D:12     | Killed a two-headed ogre
 11929 | D:12     | Noticed a two-headed ogre
 11936 | D:12     | Killed a two-headed ogre
 12133 | D:12     | Reached skill level 10 in Shields
 12144 | D:13     | Reached skill level 10 in Armour
 12157 | D:12     | Reached skill level 5 in Dodging
 12161 | D:12     | Reached skill level 16 in Axes
 12207 | D:13     | Reached **** piety under Lugonu
 12277 | D:13     | Noticed a two-headed ogre
 12286 | D:13     | Killed a two-headed ogre
 12287 | D:13     | Reached XP level 13. HP: 87/113 MP: 20/20
 12381 | D:13     | Found a gate to the Vaults.
 12920 | D:13     | HP: 4/113 [meliai/+0 war axe (11)]
 13062 | D:13     | Reached skill level 17 in Axes
 13105 | D:13     | Found a flickering gateway to a bazaar.
 13117 | Bazaar   | Entered a bazaar
 13117 | Bazaar   | Found Umy Hurr's Jewellery Shop.
 13117 | Bazaar   | Found Onufi's Antique Weapon Shoppe.
 13165 | Bazaar   | Found Haqux's Book Shop.
 13165 | Bazaar   | Found Nuiw's Antique Weapon Emporium.
 13473 | D:13     | Was forgiven by Dithmenos
 13606 | Lair:1   | Entered Level 1 of the Lair of Beasts
 14487 | Lair:2   | You fall into a shaft and drop 1 floor!
 15310 | Lair:2   | Reached skill level 18 in Axes
 15508 | Lair:3   | Reached ***** piety under Lugonu
 15522 | Lair:3   | Found a staircase to the Shoals.
 15738 | Lair:3   | Found a hole to the Spider Nest.
 16287 | Lair:4   | Reached XP level 14. HP: 121/121 MP: 21/21
 17207 | Lair:5   | Entered Level 5 of the Lair of Beasts
 17253 | Lair:5   | Reached skill level 10 in Dodging
 17403 | Lair:5   | Noticed Kirke
 17420 | Lair:4   | HP: 3/121 [hog[Kirke] (8)]
 17434 | Lair:4   | HP: 3/121 [hog[Kirke] (4)]
 17435 | Lair:4   | HP: 1/121 [hog[Kirke] (1)]
 17436 | Lair:4   | Mangled by a hog

Illustrated notes

Levels and vault maps discovered:
D:1:      dpeg_arrival_morbid_curiosity, layout_loops_corners, serial_forest,
          infiniplex_forest_end_1, infiniplex_forest_lined_room_,
          infiniplex_forest_diagonal, infiniplex_forest_lined_corner,
          infiniplex_forest_clump_C, infiniplex_forest_clump_curved,
          infiniplex_forest_lined_3_way, infiniplex_forest_fountain,
          infiniplex_forest_corner_1, infiniplex_forest_clump_long,
          serial_shops, nicolae_shop_crystal
D:2:      layout_rooms
D:3:      layout_basic, nicolae_overflow_crystal_walls
D:4:      layout_loops_ring, nicolae_dithmenos_through_a_glass_darkly,
          kennysheep_slug_shrine, overflow_temple_1_default,
          biasface_ghost_orc_armoury, uniq_pikel, uniq_eustachio, uniq_ijyb,
          uniq_menkaure
D:5:      layout_rooms, lemuel_coloured_pillars_altar,
          nicolae_vehumet_altar_sigil, mainiacjoe_overflow_cross_hatched
D:6:      layout_loops_ring, general_overflow_altar
D:7:      layout_loops_corners, mainiacjoe_overflow_small_starburst,
          mainiacjoe_overflow_24_doors, minmay_temple_entry_glass
D:8:      layout_basic, dpeg_oklobed_lair, minmay_gold_behind_fungi,
          nicolae_shop_overcharged_wands
D:9:      layout_loops_ring
D:10:     layout_irregular_city, mainiacjoe_overflow_alcove_4, xom_butterflies,
          nicolae_wu_jian_glorious_leap, minmay_hollow_rounded_squares,
          uniq_erolcha
D:11:     layout_loops_corners, zombieorc1_lemuel, serial_shops,
          nicolae_shop_advertising_works [nicolae_subvault_shop_adworks]
D:12:     layout_basic, serial_shops, nicolae_shop_bloodbath_and_beyond,
          uniq_jorgrun
D:13:     nicolae_moon_pools, layout_small_grid, david_vaults_2, serial_rivers,
          chequers_serial_rivers_marsh, chequers_serial_rivers_small_a,
          chequers_serial_rivers_large_a, chequers_serial_rivers_micro_b,
          chequers_serial_rivers_micro_e, chequers_serial_rivers_micro_b,
          serial_shops, bzr_entry_customers
Lair:1:   layout_regular_city, serial_forest, infiniplex_forest_clump_small,
          infiniplex_forest_lined_corner, infiniplex_forest_clump_diagonal,
          infiniplex_forest_end_1, infiniplex_forest_clump_medium,
          infiniplex_forest_clump_small, infiniplex_forest_lined_3,
          cheibrodos_lair_caveside_slide
Lair:2:   layout_regular_city, wad_woods_06
Lair:3:   layout_roguey, elwin_shoals_entry_rocks,
          nicolae_spider_entry_tight_spaces, minivault_19
Lair:4:   layout_regular_city
Lair:5:   hellmonk_lair_end_abyssal_woods, layout_layer_cave,
          dpeg_slime_entry_corner, grunt_megastairs_2, lemuel_fruit_fields,
          uniq_kirke

Skill      XL: |  1  2  3  4  5  6  7  8  9 10 11 12 13 14 |
---------------+-------------------------------------------+-----
Axes           | 3 4 5 6 7 9 10 12 14 16 18 | 18.0
Fighting       | 4 5 6 7 8 10 | 10.0
Armour         | 4 5 6 8 9 10 | 10.0
Shields        | 4 5 7 8 9 10 | 10.3
Invocations    | 2 3 5 6 8 9 10 | 10.0
Dodging        | 2 5 9 10 | 10.0

Action                   |  1- 3 |  4- 6 |  7- 9 | 10-12 | 13-15 || total
-------------------------+-------+-------+-------+-------+-------++-------
Melee: War axe           |    77 |   116 |   359 |   405 |       ||   957
       Mace              |       |       |       |   390 |   620 ||  1010
       Unarmed           |       |       |       |       |    13 ||    13
Throw: Throwing net      |       |     2 |     2 |     1 |       ||     5
       Dart              |       |       |       |     9 |       ||     9
Invok: Depart the Abyss  |       |       |       |     1 |       ||     1
Evoke: Wand              |       |       |     3 |       |       ||     3
  Use: Scroll            |       |    10 |     5 |    14 |     3 ||    32
       Potion            |       |       |     2 |     5 |    11 ||    18
 Stab: Held in net/web   |       |     1 |       |     2 |       ||     3
       Paralysed         |       |       |     3 |       |       ||     3
       Sleeping          |       |       |       |       |     1 ||     1
Armor: Scale mail        |    12 |       |       |       |       ||    12
       Chain mail        |    23 |    85 |   193 |   278 |       ||   579
       Troll leather arm |       |       |       |   235 |   354 ||   589
Dodge: Dodged            |    35 |    46 |   140 |   398 |   498 ||  1117
Block: Buckler           |     9 |    35 |    69 |   207 |   253 ||   573

Table legend: (Time is in decaauts)
 A = Elapsed time spent in this place.
 B = Non-inter-level travel time spent in this place.
 C = Inter-level travel time spent in this place.
 D = Time resting spent in this place.
 E = Time spent auto-exploring this place.
 F = Levels seen in this place.
 G = Mean time per level.
                   A        B        C        D        E       F      G
               +--------+--------+--------+--------+--------+-----+--------+
         Total |  17488 |  16489 |    999 |    275 |  12312 |  22 |  794.9 |
       Dungeon |  13158 |  12258 |    900 |    275 |   9068 |  13 | 1012.2 |
          Lair |   3792 |   3694 |     98 |      0 |   2908 |   5 |  758.4 |
         Abyss |    424 |    424 |      0 |      0 |    261 |   3 |  141.3 |
        Bazaar |    113 |    113 |      0 |      0 |     74 |   1 |  113.0 |
               +--------+--------+--------+--------+--------+-----+--------+

Top non-repeatable levels by time:
     D:1: 1340 daAuts
    D:12: 1273 daAuts
    D:10: 1224 daAuts
    D:13: 1198 daAuts
     D:4: 1149 daAuts
    D:11: 1132 daAuts
  Lair:3: 1064 daAuts
  Lair:4: 1051 daAuts
     D:6: 1028 daAuts
     D:7: 1004 daAuts
     D:2: 845 daAuts
     D:9: 840 daAuts
  Lair:2: 837 daAuts
     D:8: 809 daAuts
  Lair:1: 786 daAuts
